 Seeded DCSS version 0.29-a0-717-g6dac4ea423 (webtiles) character file.

Game seed: 17893413586093524617 (custom seed)

533535 happo123 the Metallomancer (level 25, -38/147 HPs)
             Began as a Gargoyle Earth Elementalist on June 26, 2022.
             Was the Champion of Vehumet.
             Killed from afar by Panuhen's ghost (81 damage)
             ... with an iron shot
             ... on level 1 of the Realm of Zot on June 27, 2022.
             The game lasted 10:03:43 (49466 turns).

happo123 the Metallomancer (GrEE)                  Turns: 49466, Time: 10:03:44

Health: -38/147    AC: 45    Str: 18    XL:     25   Next: 72%
Magic:  6/40       EV: 12    Int: 36    God:    Vehumet [******]
Gold:   5456       SH: 12    Dex:  8    Spells: 1/51 levels left

rFire   + + .      SeeInvis +   k - +6 shillelagh "Devastator" {shatter}
rCold   + + .      Faith    .   w - +2 kite shield {rC+ rF+}
rNeg    + + +      Spirit   .   v - +3 ring mail of Lugonu's Envy {Regen+ Str+3 Dex-2 SInv}
rPois   ∞          Reflect  .   V - +1 helmet of the Dungeon {rN+++ Will++ Regen+ Dex-2}
rElec   +          Harm     .   Z - +2 cloak {Will+}
rCorr   .          Rampage  .   y - +1 pair of gloves of Lies {rF+ Will+ Int+4}
Will    +++++                   G - +2 pair of boots "Tajoif" {+Blink rElec Int+7 Dex-5}
Stlth   +++.......              l - amulet "Qinuloen" {RegenMP Dex+4}
HPRegen 1.94/turn               A - ring of Pezal {rPois Will+ AC+4 Dex+3 Stlth-}
MPRegen 0.67/turn               X - ring of Shadows {Umbra +Inv Stlth+}

@: flying, wreathed by umbra, studying 2 skills
A: sickness immunity, AC +19, big wings, negative energy resistance 1,
electricity resistance, torment resistance 1, petrification resistance, cold
resistance 1, frail 1
}: 3/15 runes: serpentine, barnacled, silver
a: Renounce Religion, Evoke Blink, Evoke Invisibility


You were on level 1 of the Realm of Zot.
You worshipped Vehumet.
Vehumet was exalted by your worship.
You visited 9 branches of the dungeon, and saw 42 of its levels.
You also visited: Sewer, Gauntlet, Ice Cave, Volcano, Wizlab and Desolation.

You collected 6957 gold pieces.
You spent 1501 gold pieces at shops.

Inventory:

Hand Weapons
 k - the +6 shillelagh "Devastator" (weapon) {shatter}
   (You found it on level 4 of the Dungeon)

   It releases a powerful concussive burst when it strikes, dealing extra damage
   to the target and all other foes adjacent to them.
 J - the +7 sceptre of Torment {pain, torment}
   (You found it on level 1 of the Vaults)

   In the hands of one skilled in necromantic magic, it inflicts extra damage on
   living creatures.
   It occasionally torments all nearby living foes when it strikes in combat.
Armour
 o - a +2 tower shield of reflection
 v - the +3 ring mail of Lugonu's Envy (worn) {Regen+ Str+3 Dex-2 SInv}
   (You bought it in a shop on level 2 of the Orcish Mines)

   Str:       It affects your strength (+3).
   Dex:       It affects your dexterity (-2).
   SInv:      It lets you see invisible.
   Regen:     It increases your rate of health regeneration.
 w - a +2 kite shield of resistance (worn)
 y - the +1 pair of gloves of Lies (worn) {rF+ Will+ Int+4}
   (You found it in the Desolation of Salt)

   Int:       It affects your intelligence (+4).
   rF:        It protects you from fire.
   Will:      It increases your willpower.
 G - the +2 pair of boots "Tajoif" (worn) {+Blink rElec Int+7 Dex-5}
   (You bought it in a shop on level 2 of the Orcish Mines)

   Int:       It affects your intelligence (+7).
   Dex:       It affects your dexterity (-5).
   rElec:     It insulates you from electricity.
   +Blink:    It lets you blink.
 V - the +1 helmet of the Dungeon (worn) {rN+++ Will++ Regen+ Dex-2}
   (You bought it in a shop on level 2 of the Orcish Mines)

   Dex:       It affects your dexterity (-2).
   rN:        It renders you almost immune to negative energy.
   Regen:     It increases your rate of health regeneration.
   Will:      It greatly increases your willpower.
 Z - a +2 cloak of willpower (worn)
Magical Staves
 u - a staff of earth
 K - a staff of conjuration
 M - a staff of cold
Jewellery
 d - a ring of wizardry
 l - the amulet "Qinuloen" (around neck) {RegenMP Dex+4}
   (You found it on level 15 of the Dungeon)

   [amulet of magic regeneration]

   It increases your rate of magic regeneration.
   Dex:       It affects your dexterity (+4).
 q - a +6 ring of strength
 A - the ring of Pezal (left hand) {rPois Will+ AC+4 Dex+3 Stlth-}
   (You found it on level 2 of the Depths)

   [ring of protection]

   AC:        It affects your AC (+4).
   Dex:       It affects your dexterity (+3).
   rPois:     It protects you from poison.
   Will:      It increases your willpower.
   Stlth:     It makes you less stealthy.
 D - a +6 ring of intelligence
 X - the ring of Shadows (right hand) {Umbra +Inv Stlth+}
   (You found it in the Desolation of Salt)

   [ring of stealth]

   It surrounds you with an aura of shadow, increasing your stealth and reducing
   the accuracy of all others within it.
   +Inv:      It lets you turn invisible.
   Stlth:     It makes you more stealthy.
 Y - a ring of magical power
Wands
 c - a wand of iceblast (42)
 g - a wand of mindburst (26)
 i - a wand of quicksilver (10)
 n - a wand of paralysis (43)
 N - a wand of flame (35)
 R - a wand of polymorph (13)
 W - a wand of digging (7)
Scrolls
 a - 8 scrolls of identify
 e - 13 scrolls of teleportation
 h - a scroll of fear
 j - 9 scrolls of enchant weapon
 m - 6 scrolls of fog
 r - 5 scrolls of immolation
 s - 2 scrolls of amnesia
 x - 3 scrolls of magic mapping
 H - 6 scrolls of brand weapon
 I - 7 scrolls of poison
 O - a scroll of silence
 U - a scroll of summoning
Potions
 b - 5 potions of magic
 f - 17 potions of curing
 p - 5 potions of haste
 t - 7 potions of heal wounds
 z - 2 potions of invisibility
 B - 8 potions of ambrosia
 C - 3 potions of brilliance
 L - 3 potions of cancellation
 Q - 8 potions of might
 S - a potion of mutation
 T - 5 potions of resistance
Miscellaneous
 F - a condenser vane (inert)
 P - a phantom mirror


   Skills:
 + Level 18.7 Fighting
 - Level 13.0 Maces & Flails
 - Level 3.0 Ranged Weapons
 - Level 10.0 Armour
 - Level 11.0 Dodging
 - Level 6.0 Stealth
 + Level 10.6 Shields
 + Level 13.6 Spellcasting
 * Level 21.2 Conjurations
 - Level 1.2 Hexes
 - Level 3.0 Necromancy
 - Level 8.0 Transmutations
 - Level 2.0 Fire Magic
 * Level 18.2 Ice Magic
 * Level 22.8 Earth Magic
 + Level 8.6 Evocations


You had one spell level left.
You knew the following spells:

 Your Spells              Type           Power      Damage    Failure   Level
a - Sandblast             Erth           100%       2d20      0%          1
b - Stone Arrow           Conj/Erth      100%       3d13      0%          3
c - Petrify               Tmut/Erth      94%        N/A       1%          4
d - Shatter               Erth           56%        3d42*     13%         9
e - Frozen Ramparts       Ice            100%       1d12      0%          3
f - Irradiate             Conj/Tmut      46%        3d28      1%          5
g - Ozocubu's Refrigerat  Ice            51%        4d15      1%          7
h - Lehudib's Crystal Sp  Conj/Erth      55%        10d13     1%          8
i - Metabolic Englaciati  Hex/Ice        38%        N/A       2%          5
j - Lee's Rapid Deconstr  Erth           56%        3d27*     0%          5

Your spell library contained the following spells:

 Spells                   Type           Power      Damage    Failure   Level
 Ignition                 Fire           19%        3d7       100%        8
 Fire Storm               Conj/Fire      41%        8d11      100%        9
 Freeze                   Ice            100%       1d11      0%          1
 Magic Dart               Conj           100%       1d8       0%          1
 Shock                    Conj/Air       100%       1d9       1%          1
 Sting                    Tmut/Pois      100%       1d8       1%          1
 Summon Small Mammal      Summ           96%        N/A       5%          1
 Passwall                 Tmut/Erth      78%        N/A       0%          2
 Ozocubu's Armour         Ice            100%       N/A       0%          3
 Hailstorm                Conj/Ice       100%       3d20      0%          4
 Conjure Flame            Conj/Fire      83%        6-21      1%          3
 Ignite Poison            Fire/Tmut/Pois 48%        N/A       1%          3
 Mephitic Cloud           Conj/Pois/Air  66%        N/A       1%          3
 Animate Armour           Summ/Erth      100%       N/A       1%          4
 Flame Wave               Conj/Fire      83%        2d14      1%          4
 Fulminant Prism          Conj/Hex       40%        3d20      1%          4
 Ice Form                 Ice/Tmut       87%        N/A       1%          4
 Iskenderun's Mystic Bla  Conj/Tloc      79%        2d16      1%          4
 Sticky Flame             Conj/Fire      83%        2d9       1%          4
 Fireball                 Conj/Fire      41%        3d17      1%          5
 Freezing Cloud           Conj/Ice/Air   44%        6-21      1%          5
 Iron Shot                Conj/Erth      55%        9d10      1%          6
 Poisonous Vapours        Pois/Air       48%        N/A       2%          2
 Inner Flame              Hex/Fire       36%        N/A       2%          3
 Blade Hands              Tmut           35%        N/A       6%          5
 Blink                    Tloc           48%        N/A       9%          2
 Call Imp                 Summ           24%        N/A       9%          2
 Tukima's Dance           Hex            33%        N/A       10%         3
 Simulacrum               Ice/Necr       39%        N/A       11%         6
 Portal Projectile        Hex/Tloc       58%        N/A       13%         3
 Summon Guardian Golem    Hex/Summ       29%        N/A       13%         3
 Animate Dead             Necr           46%        N/A       16%         4
 Olgreb's Toxic Radiance  Pois           24%        N/A       16%         4
 Call Canine Familiar     Summ           24%        N/A       17%         3
 Lesser Beckoning         Tloc           24%        N/A       17%         3
 Cause Fear               Hex            16%        N/A       32%         4
 Summon Lightning Spire   Summ/Air       24%        N/A       50%         4
 Polar Vortex             Ice            51%        N/A       58%         9
 Summon Mana Viper        Hex/Summ       29%        N/A       75%         5
 Manifold Assault         Tloc           24%        N/A       83%         5
 Summon Forest            Summ/Tloc      12%        N/A       83%         5
 Summon Cactus Giant      Summ           12%        N/A       100%        6
 Haunt                    Necr/Summ      17%        N/A       100%        7
 Storm Form               Tmut/Air       26%        N/A       100%        7
 Borgnjor's Revivificati  Necr           23%        N/A       100%        8
 Discord                  Hex            16%        N/A       100%        8
 Infestation              Necr           23%        N/A       100%        8
 Maxwell's Capacitive Co  Air            12%        ∞         100%        8
 Necromutation            Tmut/Necr      29%        N/A       100%        8
 Death's Door             Necr           23%        N/A       100%        9


Dungeon Overview and Level Annotations

Branches:
Dungeon (15/15)            Temple (1/1) D:4            Lair (6/6) D:10
 Shoals (4/4) Lair:3        Snake (4/4) Lair:3        Slime (0/5) Lair:5
    Orc (2/2) D:9             Elf (0/3) Orc:2        Vaults (5/5) D:13
  Crypt (0/3) Vaults:3     Depths (4/4) D:15            Zot (1/5) Depths:4
  Sewer (visited)           IceCv (visited)         Volcano (visited)
 WizLab (visited)         Desolation (visited)      Gauntlet (visited)

Altars:
Ashenzari
Cheibriados
Dithmenos
Elyvilon
Fedhas
Gozag
Hepliaklqana
Kikubaaqudgha
Makhleb
Nemelex Xobeh
Okawaru
Qazlal
Ru
Sif Muna
Trog
Uskayaw
Vehumet
Wu Jian
Xom
Yredelemnul
Zin
The Shining One
Beogh
Jiyva

Shops:
D:8 *   Orc:1 *   Orc:2 ([?[   Snake:1 *:   Vaults:3 (

Portals:
Hell: Depths:1 Depths:2 Depths:3 Depths:4
Abyss: Depths:3 Depths:4
Pandemonium: Depths:2
Ziggurat: Depths:3

Annotations:
Lair:5 exclusion: 4 oklob plants
Shoals:4 Nikola
Zot:1 Panuhen's ghost, master DrIE


Innate Abilities, Weirdness & Mutations

You are immune to sickness and miasma.
Your stone body is resilient. (AC +19)
You are immune to poison.
Your large and strong wings let you fly.
You resist negative energy. (rN+)
You are resistant to electric shocks. (rElec)
You are resistant to unholy torment.
You are immune to petrification.
Your flesh is cold resistant. (rC+)
You are frail. (-10% HP)


Message History

Casting: Stone Arrow (safe; 0% risk of failure)
Confirm with . or Enter, or press ? or * to list all spells.
Aiming: Sandblast (safe; 0% risk of failure)
Press: ? - help, Shift-Dir - straight line, f/p - Panuhen's ghost
Aim: Panuhen's ghost, wielding a weapon of venom (almost destroyed, surrounded by restless winds, umbra, 65% to hit)
The blast of sand hits Panuhen's ghost but does no damage.
Panuhen's ghost is almost destroyed.
You can drink potions again.
Panuhen's ghost hits you but does no damage.
You sock Panuhen's ghost!
Panuhen's ghost is almost destroyed. x2
You block Panuhen's ghost's attack.
You hit Panuhen's ghost.
Panuhen's ghost is almost destroyed.
Panuhen's ghost hits you.
You miss Panuhen's ghost.
Panuhen's ghost is almost destroyed.
Panuhen's ghost hits you but does no damage.
You miss Panuhen's ghost.
Panuhen's ghost is almost destroyed.
You barely miss Panuhen's ghost.
Panuhen's ghost is almost destroyed.
Panuhen's ghost hits you but does no damage.
The red draconian scorcher points at you and mumbles some strange words.
The bolt of fire hits Panuhen's ghost.
Panuhen's ghost resists.
The bolt of fire hits you! You resist.
* * * LOW HITPOINT WARNING * * *
You hit Panuhen's ghost but do no damage.
Panuhen's ghost is almost destroyed.
Panuhen's ghost points at you and mumbles some strange words.
The freezing blast engulfs you but does no damage.
You resist.
Panuhen's ghost attacks as you move away!
Panuhen's ghost hits you but does no damage.
You are engulfed in freezing vapours.
You resist.
Panuhen's ghost whispers, "The ORB doesn't exist."
Panuhen's ghost points at you and mumbles some strange words.
The iron shot hits you!!!!
Ouch! That really hurt!
You die...

......# #.#..####.##§########
......#######.#..# #.##§§§§# #
......+..........# #..§§##§#####
......#######.#..# #☼##§§§§§§§##
......# #.#..####'##§§§§§§§##
......# #.#☼☼#.....###§§§####
.)....# #.#☼○W☼q...#§§§§§8§##
......# #.#☼§#..○☼.#§§§§§§§##
.)....# #.#○@#.....#§§§§§§§##
..)...# #.#..#.....#§§§§§§§##
......#######.#..#....}#§§§§§§§##
......'.....†....#....q##########
......#######.##.#.........'....)
......# #.##.#.........######
......# #.##.#.........# #
......# #.##.#........^######
......# #.##.########'##.....


You could see Panuhen's ghost (gusty).

Vanquished Creatures
  An orb of fire (Zot:1)
  Mara (Depths:2)
  2 ancient liches (Vaults:5)
  A juggernaut (Depths:4)
  A curse toe (Zot:1)
  Xtahua (Vaults:3)
  The ghost of freelancePsychic the Cloud Mage, a veteran TeVM of Vehumet (Depths:1)
  Vashnia (Snake:2)
  6 caustic shrikes (Depths:4)
  7 golden dragons
  2 electric golems (Zot:1)
  6 liches
  4 tentacled monstrosities
  Zenata (Vaults:4)
  2 quicksilver dragons
  Jorgrun (Snake:2)
  A walking earthen tome (Depths:4)
  Polyphemus (Shoals:4)
  2 walking divine tomes (Depths:4)
  An acid blob (Depths:2)
  3 titans
  5 death cobs (Zot:1)
  7 sphinxes
  4 ancient champions
  6 shadow dragons
  3 tengu reavers
  4 storm dragons
  A draconian monk (Depths:4)
  3 revenants (WizLab)
  9 nagarajas
  3 azure jellies (Depths:2)
  A rockslime (Depths:2)
  A draconian knight (Zot:1)
  9 fire giants
  Donald (Shoals:1)
  9 frost giants
  5 orc warlords
  An imperial myrmidon (Desolation)
  A deep elf sorcerer (Vaults:5)
  Aizul (Snake:2)
  The ghost of zhov the Crack Shot, an adept SpHu of Dithmenos (Snake:3)
  A ghost moth (Zot:1)
  5 draconian scorchers (Zot:1)
  A draconian shifter (Zot:1)
  5 spriggan defenders
  3 draconian annihilators (Zot:1)
  17 vault wardens
  11 ironbound preservers
  3 draconian stormcallers (Zot:1)
  34 very ugly things
  A deep elf demonologist (Vaults:5)
  9 ironbound thunderhulks
  13 stone giants
  4 vampire knights
  A war gargoyle (Vaults:5)
  5 green draconians
  7 halazid warlocks
  5 spark wasps
  A spectral titan (WizLab)
  3 black draconians
  A purple draconian (Zot:1)
  13 dire elephants
  2 entropy weavers
  4 red draconians
  A minotaur (Gauntlet)
  Snorg (D:12)
  3 yellow draconians (Zot:1)
  4 merfolk javelineers (Shoals:4)
  5 white draconians
  A crystal guardian (Desolation)
  2 deep elf death magi
  4 eidola
  9 jiangshi
  Josephine (Orc:2)
  7 fire dragons
  10 ettins
  12 yaktaur captains
  10 merfolk impalers
  The ghost of hquester1 the Blocker, a journeyman MiFi of Okawaru (D:11)
  9 ragged hierophants (Desolation)
  Erolcha (D:13)
  A salamander tyrant (Snake:3)
  8 servants of whispers (Desolation)
  29 vault guards
  4 great orbs of eyes
  An ice dragon (shapeshifter) (Vaults:5)
  5 spriggan air magi
  12 hydras
  6 boulder beetles
  9 peacekeepers (Desolation)
  13 ironbound frosthearts
  3 rakshasas
  7 ice dragons
  19 naga warriors
  17 anacondas
  Erica (D:8)
  3 ogre magi
  3 alligator snapping turtles
  3 merfolk avatars
  4 catoblepae
  16 centaur warriors
  A satyr (Shoals:3)
  A death knight (D:14)
  6 merfolk aquamancers
  3 dancing weapons
  11 two-headed ogres
  3 deep troll earth magi
  9 death yaks
  7 tengu warriors
  6 hell hogs (Depths:2)
  3 vampire magi
  3 deep troll shamans
  6 spriggan berserkers
  A titan zombie (WizLab)
  12 shock serpents
  14 hell knights
  16 naga sharpshooters
  A shock serpent (shapeshifter) (Depths:4)
  7 spriggans
  6 salamander mystics
  2 sun demons (Depths:2)
  A shadow wraith (WizLab)
  A soul eater (Gauntlet)
  4 skeletal warriors
  2 fire crabs (shapeshifter)
  6 iron trolls
  An orb spider (shapeshifter) (Depths:2)
  39 deep trolls
  A steelbarb worm (shapeshifter) (D:14)
  6 sea snakes
  4 flayed ghosts
  3 glowing orange brains
  Lodul (D:13)
  8 large abominations (Depths:3)
  7 naga ritualists (Snake:4)
  22 ironbound convokers
  6 necromancers
  2 spectral wolf spiders (WizLab)
  12 lindwurms
  14 phantasmal warriors
  2 wolf spider zombies (WizLab)
  An orc sorcerer (Orc:2)
  8 wizards
  3 deep elf pyromancers
  15 orc knights
  7 mana vipers
  2 wolf spiders
  3 oklob plants (Lair:6)
  34 harpies
  8 cyclopes
  35 ugly things
  5 moths of wrath
  11 fauns
  A cyclops (shapeshifter) (Vaults:4)
  12 manticores
  13 salamanders
  Maurice (D:10)
  10 merfolk sirens
  7 guardian serpents
  23 elephants
  11 water nymphs
  32 black mambas
  5 molten gargoyles
  26 vault sentinels
  2 ice statues (IceCv)
  10 naga magi
  3 smoke demons (Depths:2)
  A gargoyle (D:14)
  An eye of devastation (Depths:2)
  12 cane toads
  A rime drake (Lair:4)
  A freezing wraith (Vaults:3)
  Psyche (D:8)
  A hellion (Depths:2)
  2 unseen horrors (Depths:3)
  33 yaktaurs
  2 efreet
  4 kobold demonologists
  3 tengu conjurers
  12 komodo dragons
  An ice devil (Gauntlet)
  A queen bee (shapeshifter) (D:15)
  5 meliai
  2 queen bees
  A spectral harpy (WizLab)
  4 polar bears
  2 harpy zombies (WizLab)
  14 merfolk
  6 trolls
  63 saltlings (Desolation)
  14 blink frogs
  34 slime creatures
  2 dream sheep (Shoals:2)
  Grinder (Sewer)
  9 wind drakes
  8 hornets
  10 snapping turtles
  2 spriggan zombies (WizLab)
  A raiju (shapeshifter) (Depths:4)
  10 flying skulls (WizLab)
  2 vampires
  40 yaks
  6 water elementals
  A centaur simulacrum (D:15)
  6 wraiths
  9 wyverns
  2 shadows
  2 humans (Vaults:1)
  8 fire bats
  A golden eye (Depths:2)
  Menkaure (D:5)
  5 steam dragons
  11 vampire mosquitoes
  10 basilisks
  A chaos spawn (Depths:3)
  5 redbacks
  5 wargs (Orc:1)
  47 nagas
  A harpy simulacrum (IceCv)
  3 acid dragons (D:10)
  2 floating eyes
  3 hell hounds (Lair:6)
  17 water moccasins
  Duvessa (D:4)
  A sky beast (shapeshifter) (Vaults:5)
  46 orc warriors
  4 small abominations (Depths:3)
  7 boggarts (Vaults:2)
  4 black bears
  3 ice beasts
  14 ogres
  7 wolves
  22 centaurs
  8 kobold brigands
  9 bullfrogs
  A two-headed ogre simulacrum (D:13)
  3 gnoll sergeants
  3 cane toad simulacra
  A water moccasin zombie (D:6)
  A wyvern zombie (D:6)
  2 scorpions
  10 wights (D:8)
  Dowan (D:4)
  A water moccasin skeleton (D:6)
  65 killer bees
  11 electric eels
  4 howler monkeys
  11 lava snakes
  2 quasits (Sewer)
  A centaur zombie (D:6)
  A gnoll shaman (D:7)
  3 hounds
  4 jellies
  14 orc priests
  2 hell rats (Lair:5)
  3 iguanas (D:5)
  23 orc wizards
  A spriggan simulacrum (D:13)
  A polar bear simulacrum (D:13)
  3 wolf simulacra
  A killer bee zombie (D:6)
  25 gnolls
  12 adders
  2 naga simulacra (D:13)
  2 shadow imps (Gauntlet)
  4 white imps
  3 ufetubi (Sewer)
  2 worms
  2 dart slugs (D:2)
  97 orcs
  3 ball pythons
  7 endoplasms
  4 giant cockroaches
  8 goblins
  8 hobgoblins
  6 jackals
  3 quokkas
  8 bats
  4 frilled lizards
  71 kobolds
  A kobold zombie (Sewer)
  4 rats
2090 creatures vanquished.

Vanquished Creatures (collateral kills)
  A vampire knight (Depths:4)
  2 phantasmal warriors (Depths:4)
3 creatures vanquished.

Vanquished Creatures (others)
  A fire giant (Depths:4)
  A spriggan air mage (Depths:4)
  A merfolk aquamancer (Shoals:4)
  A shadow wraith (WizLab)
  An orc wizard (D:10)
  An orc (D:9)
  8 fulminant prisms
  29 fungi
  119 plants
  2 withered plants (D:6)
164 creatures vanquished.

Grand Total: 2257 creatures vanquished

Notes
Turn   | Place    | Note
-------+----------+-------------------------------------------
     0 | D:1      | happo123 the Gargoyle Earth Elementalist began the quest
                  | for the Orb.
     0 | D:1      | Reached XP level 1. HP: 10/10 MP: 3/3
    77 | D:1      | Reached skill level 1 in Transmutations
   111 | D:1      | Reached XP level 2. HP: 12/15 MP: 3/5
   842 | D:2      | Reached XP level 3. HP: 20/20 MP: 3/6
   846 | D:2      | Learned a level 3 spell: Stone Arrow
   892 | D:2      | Reached skill level 4 in Earth Magic
  1133 | D:2      | You fall into a shaft and drop 2 floors!
  1189 | D:4      | Noticed a black bear
  1198 | D:4      | Reached skill level 1 in Fighting
  1201 | D:4      | Reached XP level 4. HP: 18/25 MP: 2/7
  1204 | D:4      | Reached skill level 1 in Armour
  1372 | D:4      | Noticed a scorpion
  1406 | D:4      | Noticed an ogre
  1406 | D:4      | Found the +6 shillelagh "Devastator" {shatter}
  1410 | D:4      | Killed an ogre
  1411 | D:4      | Reached skill level 1 in Maces & Flails
  1411 | D:4      | Reached XP level 5. HP: 29/29 MP: 2/8
  1417 | D:4      | Found a staircase to the Ecumenical Temple.
  1427 | Temple   | Entered the Ecumenical Temple
  1500 | Temple   | Became a worshipper of Vehumet
  1788 | Temple   | Learned a level 4 spell: Petrify
  1935 | D:3      | Found a faded altar of an unknown god.
  2560 | D:4      | Reached XP level 6. HP: 35/35 MP: 7/9
  2573 | D:4      | Found a bloodstained altar of Trog.
  2616 | D:4      | Found a glowing silver altar of Zin.
  2633 | D:4      | Killed a black bear
  2648 | D:4      | Found a basalt altar of Yredelemnul.
  2897 | D:4      | Noticed Duvessa
  2927 | D:4      | Noticed Dowan
  3169 | D:4      | Reached skill level 5 in Earth Magic
  3238 | D:4      | Reached * piety under Vehumet
  3238 | D:4      | Offered knowledge of Magic Dart by Vehumet.
  3357 | D:4      | Reached skill level 1 in Conjurations
  3359 | D:4      | Reached XP level 7. HP: 18/40 MP: 8/11
  3542 | D:4      | Offered knowledge of Shock by Vehumet.
  3544 | D:4      | Reached ** piety under Vehumet
  3732 | D:4      | Killed Duvessa
  3735 | D:4      | Killed Dowan
  3739 | D:4      | Learned a level 1 spell: Shock
  4023 | D:5      | Entered Level 5 of the Dungeon
  4027 | D:5      | Noticed Menkaure
  4031 | D:5      | Reached XP level 8. HP: 35/45 MP: 8/12
  4033 | D:5      | Killed Menkaure
  4096 | D:5      | Reached skill level 6 in Earth Magic
  4502 | D:5      | Found a hazy altar of Hepliaklqana.
  4766 | D:6      | Offered knowledge of Frozen Ramparts by Vehumet.
  4775 | D:6      | Learned a level 3 spell: Frozen Ramparts
  4861 | D:6      | Reached XP level 9. HP: 51/51 MP: 14/14
  4883 | D:6      | Noticed a kobold demonologist
  4883 | D:6      | Noticed a kobold demonologist
  4883 | D:6      | Noticed a kobold demonologist
  4895 | D:6      | Noticed a soul eater
  4898 | D:6      | Killed a kobold demonologist
  4899 | D:6      | Reached skill level 7 in Earth Magic
  4901 | D:6      | Reached skill level 5 in Stealth
  4901 | D:6      | Killed a kobold demonologist
  4906 | D:6      | Noticed a sixfirhy
  4906 | D:6      | Killed a kobold demonologist
  4910 | D:6      | Reached *** piety under Vehumet
  5050 | D:6      | Found a glowing drain.
  5059 | Sewer    | Entered a sewer
  5107 | Sewer    | Offered knowledge of Olgreb's Toxic Radiance by Vehumet.
  5176 | Sewer    | Found a burning altar of Makhleb.
  5182 | Sewer    | Reached skill level 8 in Earth Magic
  5227 | Sewer    | Noticed Grinder
  5235 | Sewer    | Reached **** piety under Vehumet
  5243 | Sewer    | Killed Grinder
  5276 | Sewer    | Reached XP level 10. HP: 58/58 MP: 14/16
  5443 | D:6      | Found a shimmering blue altar of Sif Muna.
  5455 | D:6      | Offered knowledge of Fireball by Vehumet.
  5517 | D:6      | Found a shadowy altar of Dithmenos.
  5970 | D:7      | Found an iron altar of Okawaru.
  6548 | D:8      | Learned a level 5 spell: Fireball
  6687 | D:8      | Found a hide-covered altar of Uskayaw.
  6779 | D:8      | Noticed Erica
  6785 | D:8      | Killed Erica
  6786 | D:8      | Reached skill level 5 in Fighting
  6786 | D:8      | Reached skill level 1 in Ice Magic
  6921 | D:8      | Noticed Psyche
  6934 | D:8      | Killed Psyche
  6992 | D:8      | Found Isoupluf's Neck Hole.
  7007 | D:8      | Reached skill level 5 in Conjurations
  7050 | D:8      | Noticed a two-headed ogre
  7056 | D:8      | Killed a two-headed ogre
  7057 | D:8      | Reached skill level 5 in Armour
  7057 | D:8      | Reached skill level 5 in Spellcasting
  7057 | D:8      | Reached skill level 9 in Earth Magic
  7397 | D:9      | Noticed a two-headed ogre
  7402 | D:8      | Killed a two-headed ogre
  7403 | D:8      | Reached XP level 11. HP: 43/64 MP: 18/18
  7604 | D:9      | Noticed a tengu warrior
  7604 | D:9      | Noticed a manticore
  7610 | D:9      | Noticed a harpy
  7610 | D:9      | a queen bee changed into a harpy
  7662 | D:9      | Killed a tengu warrior
  7663 | D:9      | Reached skill level 5 in Maces & Flails
  7966 | D:9      | Killed a manticore
  7990 | D:9      | Noticed a fire crab
  7994 | D:9      | Killed a fire crab
  7995 | D:9      | Reached skill level 10 in Earth Magic
  8200 | D:9      | Reached ***** piety under Vehumet
  8207 | D:9      | Offered knowledge of Fulminant Prism by Vehumet.
  8285 | D:9      | Reached skill level 1 in Shields
  8521 | D:9      | Found a staircase to the Orcish Mines.
  8612 | D:9      | Learned a level 4 spell: Fulminant Prism
  8766 | D:10     | Entered Level 10 of the Dungeon
  8853 | D:10     | Noticed Maurice
  8872 | D:10     | Killed Maurice
  8912 | D:10     | Found a staircase to the Lair.
  9363 | D:10     | Reached skill level 5 in Dodging
  9692 | D:10     | Reached XP level 12. HP: 73/73 MP: 16/20
  9790 | D:10     | Found an ornate altar of the Wu Jian Council.
 10152 | Lair:1   | Entered Level 1 of the Lair of Beasts
 10226 | Lair:1   | Found a dark tunnel.
 10237 | Volcano  | Entered a volcano
 10295 | Volcano  | Offered knowledge of Irradiate by Vehumet.
 10778 | Volcano  | Found a radiant altar of Vehumet.
 10785 | Volcano  | Reached skill level 11 in Earth Magic
 10992 | Volcano  | Noticed a fire dragon
 11355 | Volcano  | Killed a fire dragon
 11928 | Lair:1   | Noticed a seven-headed hydra
 11942 | Lair:1   | Killed a seven-headed hydra
 12017 | Lair:1   | Learned a level 5 spell: Irradiate
 12419 | Lair:1   | Reached skill level 1 in Fire Magic
 12681 | Lair:1   | Offered knowledge of Ozocubu's Refrigeration by Vehumet.
 13205 | Lair:2   | Reached XP level 13. HP: 55/80 MP: 4/22
 13466 | Lair:2   | Reached skill level 12 in Earth Magic
 13799 | Lair:3   | Found a staircase to the Snake Pit.
 13899 | Lair:3   | Reached skill level 1 in Evocations
 14129 | Lair:3   | Identified the +9 longbow of the Wolf {speed, rElec Str+5
                  | Dex+2}
 14145 | Lair:3   | Found a gate leading to a gauntlet.
 14154 | Gauntlet | Entered a Gauntlet
 14154 | Gauntlet | Found a transporter.
 14308 | Gauntlet | Found a transporter.
 14310 | Gauntlet | Found a transporter.
 14312 | Gauntlet | Found a transporter.
 14326 | Gauntlet | Found a transporter.
 14336 | Gauntlet | Found a transporter.
 14341 | Gauntlet | Found a transporter.
 14362 | Gauntlet | Found a transporter.
 14375 | Gauntlet | Found a transporter.
 14390 | Gauntlet | Found a transporter.
 14399 | Gauntlet | Found a transporter.
 14407 | Gauntlet | Found a large runed translucent door.
 14408 | Gauntlet | Found a large runed translucent door.
 14409 | Gauntlet | Found a large runed translucent door.
 14409 | Gauntlet | Found a large runed translucent door.
 14410 | Gauntlet | Found a runed translucent gate.
 14411 | Gauntlet | Found a transporter.
 14411 | Gauntlet | Found a runed translucent gate.
 14412 | Gauntlet | Found a runed translucent gate.
 14413 | Gauntlet | Found a large runed translucent door.
 14413 | Gauntlet | Found a large runed translucent door.
 14414 | Gauntlet | Found a large runed translucent door.
 14415 | Gauntlet | Found a large runed translucent door.
 14423 | Gauntlet | Found a transporter.
 14440 | Gauntlet | Found a transporter.
 14453 | Gauntlet | Found a large runed translucent door.
 14454 | Gauntlet | Found a large runed translucent door.
 14455 | Gauntlet | Found a large runed translucent door.
 14455 | Gauntlet | Found a large runed translucent door.
 14456 | Gauntlet | Found a runed translucent door.
 14457 | Gauntlet | Found a transporter.
 14458 | Gauntlet | Found a runed translucent door.
 14459 | Gauntlet | Found a transporter.
 14459 | Gauntlet | Found a large runed translucent door.
 14459 | Gauntlet | Found a large runed translucent door.
 14460 | Gauntlet | Found a large runed translucent door.
 14461 | Gauntlet | Found a large runed translucent door.
 14490 | Gauntlet | Found a transporter.
 14492 | Gauntlet | Found a transporter.
 14533 | Gauntlet | Reached skill level 1 in Hexes
 14997 | Gauntlet | Identified the +11 dagger "Jemynni" {flame, rElec rCorr
                  | Str-3 Int+4 Dex-5}
 14997 | Gauntlet | Noticed a minotaur
 15003 | Gauntlet | Killed a minotaur
 15062 | Lair:3   | Learned a level 7 spell: Ozocubu's Refrigeration
 15269 | Lair:3   | Reached skill level 10 in Fighting
 15545 | Lair:3   | Found a staircase to the Shoals.
 15772 | Lair:4   | Reached skill level 5 in Shields
 16097 | Lair:4   | Found a shimmering blue altar of Sif Muna.
 16479 | Lair:5   | Reached skill level 10 in Conjurations
 16618 | Lair:5   | Reached skill level 5 in Ice Magic
 16798 | Lair:5   | Gained mutation: Your large and strong wings let you fly.
                  | [Gargoyle growth]
 16798 | Lair:5   | Reached XP level 14. HP: 88/88 MP: 19/24
 16871 | Lair:5   | Offered knowledge of Lee's Rapid Deconstruction by Vehumet.
 16923 | Lair:5   | Reached skill level 5 in Transmutations
 17363 | Lair:5   | Found a staircase to the Slime Pits.
 17363 | Lair:5   | Found a viscous altar of Jiyva.
 17813 | Lair:6   | Entered Level 6 of the Lair of Beasts
 18404 | Lair:6   | Reached ****** piety under Vehumet
 18407 | Lair:6   | Offered knowledge of Spellforged Servitor by Vehumet.
 18862 | Lair:6   | Reached XP level 15. HP: 76/96 MP: 17/26
 18902 | Lair:6   | Reached skill level 13 in Earth Magic
 19134 | Lair:6   | Found a large runed translucent door.
 19134 | Lair:6   | Found a large runed translucent door.
 19768 | Orc:1    | Entered Level 1 of the Orcish Mines
 19899 | Orc:1    | Found Vihuasm's CLEARANCE SALE!.
 19913 | Orc:1    | Bought a scroll of identify for 10 gold pieces
 19913 | Orc:1    | Bought a potion of degeneration for 5 gold pieces
 19913 | Orc:1    | Bought a scroll of teleportation for 15 gold pieces
 20162 | Orc:2    | Entered Level 2 of the Orcish Mines
 20165 | Orc:2    | Noticed Josephine
 20167 | Orc:2    | Noticed an orc warlord
 20249 | Orc:1    | Killed an orc warlord
 20439 | Orc:1    | Offered knowledge of Lightning Bolt by Vehumet.
 20589 | Orc:2    | Killed Josephine
 21453 | Orc:2    | Found a staircase to the Elven Halls.
 21884 | Orc:2    | Found Boratai's Antique Armour Shoppe.
 21885 | Orc:2    | Found Ylos's Antique Armour Boutique.
 21885 | Orc:2    | Found Peil's Magic Scroll Emporium.
 21888 | Orc:2    | Found Haplot's Weapon Shop.
 21895 | Orc:2    | Bought a pair of smouldering boots for 294 gold pieces
 21895 | Orc:2    | Identified the +2 pair of boots "Tajoif" {+Blink rElec
                  | Int+7 Dex-5} (You bought it in a shop on level 2 of the
                  | Orcish Mines)
 21906 | Orc:2    | Bought a scroll of identify for 28 gold pieces
 21906 | Orc:2    | Bought a scroll of identify for 28 gold pieces
 21906 | Orc:2    | Bought a scroll of identify for 28 gold pieces
 21906 | Orc:2    | Bought a scroll of identify for 28 gold pieces
 21906 | Orc:2    | Bought a scroll of noise for 14 gold pieces
 21908 | Orc:2    | Bought a buzzing helmet for 313 gold pieces
 21908 | Orc:2    | Identified the +1 helmet of the Dungeon {rN+++ Will++
                  | Regen+ Dex-2} (You bought it in a shop on level 2 of the
                  | Orcish Mines)
 22200 | Orc:2    | Bought an encrusted ring mail for 279 gold pieces
 22200 | Orc:2    | Identified the +3 ring mail of Lugonu's Envy {Regen+ Str+3
                  | Dex-2 SInv} (You bought it in a shop on level 2 of the
                  | Orcish Mines)
 22213 | Orc:2    | Bought an ancient ring mail for 297 gold pieces
 22213 | Orc:2    | Identified the +0 ring mail "Seitutz" {+Blink} (You bought
                  | it in a shop on level 2 of the Orcish Mines)
 22556 | D:11     | Found a runed translucent door.
 22561 | D:11     | Found a shimmering altar of Xom.
 22561 | D:11     | Noticed hquester1's ghost (journeyman MiFi)
 22589 | D:11     | Killed hquester1's ghost
 23231 | D:12     | Noticed Snorg
 23239 | D:12     | Killed Snorg
 23239 | D:12     | Offered knowledge of Orb of Destruction by Vehumet.
 23702 | D:13     | Found a gate to the Vaults.
 23735 | D:13     | Found a frozen archway.
 23777 | IceCv    | Entered an ice cave
 23800 | IceCv    | Found a transporter.
 23822 | IceCv    | Found a transporter.
 23900 | D:13     | Reached skill level 5 in Evocations
 24008 | D:13     | Reached XP level 16. HP: 103/103 MP: 14/28
 24212 | D:13     | Found the ring of the Octopus King
 24213 | D:13     | Noticed Lodul
 24218 | D:13     | Killed Lodul
 24223 | D:13     | Identified a ring of the Octopus King {rCorr HP+2 AC+2 EV+2
                  | SH+2}
 24349 | D:13     | Noticed Erolcha
 24353 | D:13     | Killed Erolcha
 24874 | D:13     | Learned a level 8 spell: Lehudib's Crystal Spear
 24892 | D:13     | Found a shimmering altar of Xom.
 25499 | D:14     | Found a white marble altar of Elyvilon.
 25730 | D:15     | Entered Level 15 of the Dungeon
 25798 | D:15     | Offered knowledge of Fire Storm by Vehumet.
 25798 | D:15     | Offered knowledge of Ignition by Vehumet.
 25798 | D:15     | Offered knowledge of Maxwell's Capacitive Coupling by
                  | Vehumet.
 25957 | D:15     | Identified the amulet "Qinuloen" {RegenMP Dex+4}
 26314 | D:15     | Reached skill level 10 in Armour
 26360 | D:15     | Reached skill level 14 in Earth Magic
 26646 | D:15     | Found a staircase to the Depths.
 27081 | Snake:1  | Entered Level 1 of the Snake Pit
 27114 | Snake:1  | Found Hunoqu Myag's General Store.
 27172 | Snake:1  | Bought a potion of heal wounds for 60 gold pieces
 27172 | Snake:1  | Bought a scroll of magic mapping for 42 gold pieces
 27172 | Snake:1  | Bought a wand of flame (8) for 60 gold pieces
 27172 | Snake:1  | Found Hukkor's Book Emporium.
 27190 | Snake:1  | Noticed a nagaraja
 27194 | Snake:1  | Killed a nagaraja
 27563 | Snake:1  | Found an iron altar of Okawaru.
 27662 | Snake:1  | Found a hazy altar of Hepliaklqana.
 27768 | Snake:2  | Noticed Aizul
 27775 | Snake:2  | Killed Aizul
 27828 | Snake:2  | Reached skill level 1 in Ranged Weapons
 28042 | Snake:2  | Noticed Vashnia
 28074 | Snake:2  | Reached XP level 17. HP: 45/110 MP: 18/30
 28129 | Snake:2  | Killed Vashnia
 28130 | Snake:2  | Reached skill level 10 in Ice Magic
 28257 | Snake:2  | Noticed Jorgrun
 28260 | Snake:2  | Killed Jorgrun
 28398 | Snake:3  | Noticed zhov's ghost (adept SpHu)
 28896 | Snake:3  | Reached skill level 15 in Earth Magic
 28985 | Snake:3  | Identified the +8 demon blade of Danoid {flame, Str+9 Int+5
                  | Dex-5}
 29122 | Snake:3  | Found a transporter.
 29125 | Snake:3  | Found a transporter.
 29126 | Snake:3  | Found a bloodstained altar of Trog.
 29293 | Snake:3  | Killed zhov's ghost
 29473 | Snake:4  | Entered Level 4 of the Snake Pit
 30235 | Snake:4  | Reached XP level 18. HP: 97/118 MP: 18/31
 30314 | Snake:4  | Reached skill level 15 in Fighting
 30378 | Snake:4  | Reached skill level 16 in Earth Magic
 30552 | Snake:4  | Got a serpentine rune of Zot
 31091 | Shoals:1 | Entered Level 1 of the Shoals
 31094 | Shoals:1 | Reached skill level 15 in Conjurations
 31098 | Shoals:1 | Reached skill level 10 in Spellcasting
 31204 | Shoals:1 | Noticed Donald
 31211 | Shoals:1 | Killed Donald
 32599 | Shoals:3 | Reached XP level 19. HP: 124/124 MP: 22/33
 32722 | Shoals:3 | Identified the +0 leather armour of Time Monsters {+Blink
                  | rElec Dex-2 Stlth+}
 32852 | Shoals:3 | Reached skill level 17 in Earth Magic
 33436 | Shoals:4 | Entered Level 4 of the Shoals
 33436 | Shoals:4 | Noticed Polyphemus
 33449 | Shoals:4 | Killed Polyphemus
 33832 | Shoals:4 | Got a barnacled rune of Zot
 33873 | Shoals:4 | Noticed Nikola
 34942 | Vaults:1 | Entered Level 1 of the Vaults
 35344 | Vaults:1 | Found the +7 sceptre of Torment {pain, torment}
 35590 | Vaults:1 | Reached skill level 1 in Necromancy
 35700 | Vaults:1 | Reached XP level 20. HP: 119/131 MP: 20/34
 35864 | Vaults:1 | Reached skill level 18 in Earth Magic
 36280 | Vaults:2 | Reached skill level 10 in Maces & Flails
 36453 | Vaults:2 | Learned a level 5 spell: Metabolic Englaciation
 37554 | Vaults:3 | Found a staircase to the Crypt.
 37647 | Vaults:3 | Found a crumbling gateway.
 37656 | Desolati | Entered the Desolation of Salt
 37684 | Desolati | Reached XP level 21. HP: 118/137 MP: 25/36
 37835 | Desolati | Reached skill level 19 in Earth Magic
 37846 | Desolati | Found the ring of Shadows {Umbra +Inv Stlth+}
 37848 | Desolati | Got the Compendium of Dusty Orientation
 37853 | Desolati | Identified the ring of the Peasants {rC+ Str+3}
 37854 | Desolati | Identified the +7 rapier of Capital Punishment {freeze,
                  | Contam rC++}
 37921 | Desolati | Identified the +0 scale mail of Weak Surprise {Harm Int+3
                  | Dex-3 Slay+3}
 37922 | Desolati | Identified the +0 leather armour "Cearaf" {Int+4}
 37932 | Desolati | Identified the +1 pair of gloves of Lies {rF+ Will+ Int+4}
 37951 | Desolati | Identified the +8 falchion of Leleakho {vorpal, MP+9 SInv}
 38014 | Desolati | Identified the +0 pair of gloves of the Grand God {rElec
                  | rF+ Int+3 Slay+3}
 38015 | Desolati | Identified the amulet "Nuqe" {Faith Str+2 Int+5 Stlth-}
 38476 | Vaults:3 | Noticed Xtahua
 38504 | Vaults:3 | Killed Xtahua
 38587 | Vaults:3 | Found Reteox's Weapon Boutique.
 39385 | Vaults:4 | Reached skill level 15 in Ice Magic
 39845 | Vaults:4 | Identified the +1 robe "Daosyol" {Rampage Int-2 Dex+3
                  | Slay+5}
 39870 | Vaults:4 | Reached XP level 22. HP: 144/144 MP: 30/37
 39929 | Vaults:4 | Noticed Zenata
 39936 | Vaults:4 | Killed Zenata
 40603 | Vaults:5 | Entered Level 5 of the Vaults
 40607 | Vaults:5 | Reached skill level 20 in Earth Magic
 40671 | Vaults:5 | Noticed an ancient lich
 40679 | Vaults:5 | Killed an ancient lich
 40820 | Vaults:4 | Learned a level 9 spell: Shatter
 40826 | Vaults:5 | Gained mutation: You occasionally lose the ability to read
                  | scrolls when taking damage. [mutagenic glow]
 41044 | Vaults:5 | Noticed a golden dragon
 41048 | Vaults:5 | Killed a golden dragon
 41201 | Vaults:5 | Identified the +5 morningstar "Wameatax" {spect, rPois}
 41204 | Vaults:5 | Identified the amulet of Sosa {Reflect rN+ SH+5}
 41207 | Vaults:5 | Identified the amulet of Ruapir {rF- rC++ Regen+ Str+4
                  | Int+4}
 41212 | Vaults:5 | Identified the amulet "Punwiof" {Acrobat rC+ rN+}
 41212 | Vaults:5 | Noticed a golden dragon
 41219 | Vaults:5 | Killed a golden dragon
 41501 | Vaults:5 | Got a silver rune of Zot
 41960 | Vaults:5 | Reached XP level 23. HP: 143/150 MP: 26/39
 42129 | Vaults:5 | Noticed an ancient lich
 42137 | Vaults:5 | Killed an ancient lich
 42371 | Vaults:5 | Got Sif Muna's Disquisition on the Mountains and the
                  | Frostbite
 42781 | Depths:1 | Entered Level 1 of the Depths
 42801 | Depths:1 | Found a large runed translucent door.
 42802 | Depths:1 | Found a large runed translucent door.
 42805 | Depths:1 | Noticed freelancePsychic's ghost (veteran TeVM)
 42824 | Depths:1 | Found a magical portal.
 42833 | WizLab   | Entered Borgnjor's Mausoleum
 43309 | WizLab   | Reached skill level 10 in Dodging
 43574 | Depths:1 | Reached skill level 21 in Earth Magic
 43708 | Depths:1 | Found a gateway to Hell.
 43945 | Depths:1 | Killed freelancePsychic's ghost
 43959 | Depths:1 | Got the Volume of Scorching Conjuration
 44112 | Depths:1 | Found a sparkling altar of Nemelex Xobeh.
 44436 | Depths:2 | Found a transporter.
 44658 | Depths:2 | Noticed Mara
 44679 | Depths:2 | Identified a scroll of acquirement
 44680 | Depths:2 | Acquired 899 gold pieces
 44712 | Depths:2 | Killed Mara
 44772 | Depths:2 | Found a hide-covered altar of Uskayaw.
 44780 | Depths:2 | Reached XP level 24. HP: 157/157 MP: 27/39
 45049 | Depths:2 | Found a transporter.
 45049 | Depths:2 | Found a viscous altar of Jiyva.
 45163 | Depths:2 | Paralysed by a Zot trap for 3 turns
 45227 | Depths:2 | Found a one-way gate leading to the halls of Pandemonium.
 45686 | Depths:2 | Lost mutation: You occasionally lose the ability to read
                  | scrolls when taking damage. [potion of mutation]
 45686 | Depths:2 | Gained mutation: You occasionally lose the ability to read
                  | scrolls when taking damage. [potion of mutation]
 45686 | Depths:2 | Gained mutation: You are frail. (-10% HP) [potion of
                  | mutation]
 45686 | Depths:2 | Gained mutation: You occasionally shout uncontrollably at
                  | your foes. [potion of mutation]
 45686 | Depths:2 | Gained mutation: You have a somewhat thin skeletal
                  | structure. (Dex +2, Stealth+) [potion of mutation]
 45687 | Depths:2 | Lost mutation: You occasionally lose the ability to read
                  | scrolls when taking damage. [potion of mutation]
 45687 | Depths:2 | Lost mutation: You have a somewhat thin skeletal structure.
                  | (Dex +2, Stealth+) [potion of mutation]
 45687 | Depths:2 | Lost mutation: You are frail. (-10% HP) [potion of
                  | mutation]
 45687 | Depths:2 | Gained mutation: You sometimes lose your temper in combat.
                  | [potion of mutation]
 45687 | Depths:2 | Gained mutation: Your flesh is cold resistant. (rC+)
                  | [potion of mutation]
 45688 | Depths:2 | Lost mutation: You sometimes lose your temper in combat.
                  | [potion of mutation]
 45688 | Depths:2 | Lost mutation: You occasionally shout uncontrollably at
                  | your foes. [potion of mutation]
 45688 | Depths:2 | Gained mutation: You are frail. (-10% HP) [potion of
                  | mutation]
 45740 | Depths:2 | Identified the ring of Pezal {rPois Will+ AC+4 Dex+3
                  | Stlth-}
 46347 | Depths:3 | Found a one-way gate to the infinite horrors of the Abyss.
 46605 | Depths:3 | Found an ancient bone altar of Kikubaaqudgha.
 46732 | Depths:3 | Found a one-way gateway to a ziggurat.
 46852 | Depths:4 | Entered Level 4 of the Depths
 47113 | Depths:4 | Noticed a juggernaut
 47117 | Depths:4 | Killed a juggernaut
 47285 | Depths:4 | Reached skill level 22 in Earth Magic
 47437 | Depths:4 | Noticed a caustic shrike
 47437 | Depths:4 | Noticed a caustic shrike
 47437 | Depths:4 | Noticed a caustic shrike
 47440 | Depths:4 | Killed a caustic shrike
 47441 | Depths:4 | Killed a caustic shrike
 47465 | Depths:4 | Killed a caustic shrike
 47644 | Depths:4 | Noticed a caustic shrike
 47649 | Depths:4 | Noticed a caustic shrike
 47659 | Depths:4 | Killed a caustic shrike
 47664 | Depths:4 | Noticed a caustic shrike
 47670 | Depths:4 | Paralysed by a floating eye for 2 turns
 47679 | Depths:4 | Killed a caustic shrike
 47686 | Depths:4 | Reached XP level 25. HP: 55/147 MP: 26/40
 47894 | Depths:4 | Learned a level 5 spell: Lee's Rapid Deconstruction
 48313 | Depths:4 | Found a gate to the Realm of Zot.
 48417 | Zot:1    | Entered Level 1 of the Realm of Zot
 48541 | Zot:1    | Reached skill level 10 in Shields
 48972 | Zot:1    | Found a runed translucent gate.
 48976 | Zot:1    | Found a runed translucent gate.
 48978 | Zot:1    | Found a runed translucent gate.
 48980 | Zot:1    | Noticed Panuhen's ghost (master DrIE)
 49270 | Zot:1    | Noticed an orb of fire
 49284 | Zot:1    | HP: 4/147 [orb of fire/fireball (17)]
 49303 | Zot:1    | Killed an orb of fire
 49466 | Zot:1    | Killed from afar by Panuhen's ghost

Illustrated notes

Levels and vault maps discovered:
D:1:      wander_arrival_fairy_ring, layout_basic
D:2:      layout_loops_cross
D:3:      layout_rooms, nicolae_ecumenical_pavilion
D:4:      minmay_goblin_kobold_castle, layout_basic,
          mainiacjoe_overflow_small_starburst, mainiacjoe_overflow_chevrons,
          marbit_many_paths, temple_statues, dilly_guarded_unrand_devastator,
          uniq_duvessa
D:5:      layout_cave_pods, general_overflow_altar, uniq_menkaure
D:6:      layout_rooms, mainiacjoe_overflow_alcove_2,
          mainiacjoe_overflow_brackets, serial_undead, serial_undead_e,
          serial_undead_d, serial_undead_c, serial_undead_e, serial_undead_c,
          serial_undead_b, portal_sewer_entry_d, minmay_misc_feat_roman
D:7:      layout_loops_corners, mainiacjoe_overflow_concentric_impassable
D:8:      layout_layer_cave, mainiacjoe_overflow_24_doors,
          ebering_dispersal_statue_hall, nicolae_shop_sticking_my_neck_out,
          uniq_erica, uniq_psyche
D:9:      minmay_bloctagon_deflated, layout_basic, erik_orc_2
D:10:     minmay_octagon_keep, layout_basic,
          nicolae_wu_jian_immortal_techniques, uniq_maurice
D:11:     layout_rooms, ebering_ghost_xom
D:12:     layout_long_grid, dk_noncrumbling_2, uniq_snorg
D:13:     layout_layer_cave, erik_vaults_1, portal_ice_cave_entry_ice_simulacra,
          tgw_xom, uniq_lodul, uniq_erolcha
D:14:     layout_basic, elyvilon_altar_5
D:15:     hangedman_depths_entry_try_elsewhere_first, layout_long_grid,
          patterned_corridor, chequers_serial_rivers_large_b,
          minmay_diced_spiral
Temple:   compressed_dpeg_triangle_lava_temple
Lair:1:   layout_roguey [special_room_bee], nicolae_volcano_entry_hallway
Lair:2:   layout_hall_layers, grunt_megastairs_4
Lair:3:   layout_gridlike, elwin_shoals_entry_rocks,
          minmay_snake_entry_six_corridors, gauntlet_entry_generic,
          serial_bayou_lagoon_b
Lair:4:   layout_small_grid, lemuel_centaur_altar
Lair:5:   hangedman_what_comes_after_a, layout_regular_city,
          minmay_slime_entry_pillars, guppyfry_lair_drakes,
          infiniplex_staircase_pool
Lair:6:   cheibrodos_lair_end_hotspot, layout_cave_shapes, disabler_island
Shoals:1: layout_shoals, nicolae_shoals_water_shrine, uniq_donald
Shoals:2: layout_shoals
Shoals:3: layout_shoals
Shoals:4: shoals_end_simple, layout_shoals, uniq_polyphemus, uniq_nikola
Snake:1:  layout_rooms, abandoned_shop, hangedman_feature_mirror,
          minmay_shoptagon, serial_bayou_shore_b
Snake:2:  layout_rooms, uniq_jorgrun, uniq_aizul, uniq_vashnia
Snake:3:  layout_onion, gammafunk_ghost_wrathful_warriors, drop_trap,
          nicolae_snake_guarding_the_ruins
Snake:4:  grunt_snake_rune_serpentine_throne, layout_onion, grunt_ministairs_5,
          nicolae_snake_coiling_death, serial_bayou_shore_b
Orc:1:    layout_diamond_mine, basic_altar, nicolae_shop_clearance
Orc:2:    st_orc_rangers, layout_caves, uniq_josephine
Vaults:1: hangedman_vaults_cutoff, vaults_standard_mumra_lines,
          vaults_room_boxed, hangedman_vaults_river_flow, hangedman_vaults_maws,
          v_rooms_3, v_misc_22, nicolae_vaults_specimen_jars,
          nicolae_vaults_holding_cells, nicolae_vaults_theta,
          layout_vaults_omnibox
Vaults:2: hangedman_vaults_maws, hangedman_vaults_restitches,
          hangedman_vaults_stretched_pinwheel, ontoclasm_vaults_ligature,
          st_squares, hangedman_vaults_hat, ontoclasm_vaults_loading_screen,
          nicolae_vaults_network_square, nicolae_vaults_diagonal_hallway_9,
          v_misc_13, dpeg_vaults_monster_row, ontoclasm_vaults_loading_screen,
          vaults_dpeg_ring, v_rooms_2, vaults_room_pool,
          hangedman_vaults_impose, ontoclasm_vaults_twist,
          hangedman_vaults_impose, ontoclasm_vaults_ring_square,
          layout_vaults_maze_snakey
Vaults:3: portal_desolation_entry_ruin, hangedman_vaults_capsules,
          grunt_vaults_trifunnel, minmay_crypt_entry_simple_sparse,
          grunt_vaults_hallway_long, hangedman_vaults_trim,
          vaults_room_stairs_pillars, layout_vaults_big_room, serial_shops,
          nicolae_shop_bloodbath_and_beyond, uniq_xtahua
Vaults:4: v_alt_pattern_2, v_alt_pattern_4, nicolae_vaults_ring_of_whatevers,
          vaults_room_corners, v_misc_4, nicolae_vaults_theta,
          vaults_room_corners, layout_vaults_omnigrid, uniq_zenata
Vaults:5: serial_shops
Depths:1: layout_gridlike, ebering_ghost_disaster_area, nemelex_altar_shiori,
          hell_entry, mu_enter_wizlab_3, kennysheep_generic_room_13,
          serial_bayou_shore_b, kennysheep_random_hallway
Depths:2: gammafunk_jiyva_shrine, layout_gridlike, hellmouth_3, pan_entry,
          nicolae_uskayaw_murder_on_the_dancefloor,
          infiniplex_staircase_trident, uniq_josephina, uniq_mara
Depths:3: minmay_open_boxes_in_corner, layout_honeycomb, enter_ziggurat_e,
          minmay_room_of_horrors, pf_coc_iceberg,
          hangedman_abyss_or_decor_jellyfish_corner, kiku_gazebo_garden_becter,
          minmay_staircase_windowed_large
Depths:4: grunt_runaround [grunt_runaround_doors_1, grunt_runaround_doors_2,
          grunt_runaround_doors_3, grunt_runaround_doors_4,
          grunt_runaround_zot], hell_entry, abyss_entry
Zot:1:    layout_gridlike, ebering_ghost_rock_garden

Skill      XL: |  1  2  3  4  5  6  7  8  9 10 11 12 13 14 15 16 17 18 19 20 21 22 23 24 25 |
---------------+----------------------------------------------------------------------------+-----
Transmutations | 1 2 3 4 5 6 7 8 |  8.0
Earth Magic    | 4 5 6 8 9 10 11 12 13 14 15 16 17 18 19 20 21 22 | 22.8
Fighting       | 1 2 3 4 6 7 9 10 11 12 13 14 15 16 17 18 | 18.7
Armour         | 1 2 3 4 5 6 7 8 9 10 | 10.0
Maces & Flails | 1 2 3 4 5 6 7 8 9 10 11 12 13 | 13.0
Dodging        | 2 3 4 5 6 7 8 9 10 11 | 11.0
Stealth        | 3 4 5 6 |  6.0
Conjurations   | 1 2 4 5 7 8 10 11 12 13 14 15 16 17 18 19 20 21 | 21.2
Spellcasting   | 3 4 5 6 7 8 9 10 11 12 13 | 13.6
Ice Magic      | 2 3 4 5 7 8 9 11 12 13 14 15 16 17 18 | 18.2
Shields        | 2 4 5 6 7 8 10 | 10.6
Fire Magic     | 1 2 |  2.0
Evocations     | 2 3 5 6 7 8 |  8.6
Hexes          | 1 |  1.2
Ranged Weapons | 1 3 |  3.0
Necromancy     | 1 3 |  3.0

Action                   |  1- 3 |  4- 6 |  7- 9 | 10-12 | 13-15 | 16-18 | 19-21 | 22-24 | 25-27 || total
-------------------------+-------+-------+-------+-------+-------+-------+-------+-------+-------++-------
Melee: Unarmed           |     5 |       |       |       |       |       |       |       |       ||     5
       Club              |    13 |       |       |       |       |       |       |       |       ||    13
       Shillelagh        |       |    44 |   111 |   284 |   294 |   265 |   338 |   377 |   139 ||  1852
       Punch             |       |       |     3 |     1 |     2 |     3 |     4 |       |     5 ||    18
       Staff             |       |       |       |       |       |    48 |       |       |       ||    48
       Eveningstar       |       |       |       |       |       |       |    12 |    12 |    17 ||    41
 Fire: Longbow           |       |       |       |       |    35 |    61 |       |       |       ||    96
Throw: Dart              |       |       |       |    14 |     3 |       |       |       |       ||    17
 Cast: Sandblast         |    33 |    29 |    58 |    69 |    77 |    26 |     7 |    13 |     5 ||   317
       Stone Arrow       |       |     4 |     6 |    92 |   418 |   237 |    65 |    86 |    10 ||   918
       Shock             |       |       |     2 |     9 |       |     2 |       |       |       ||    13
       Frozen Ramparts   |       |       |       |    29 |    46 |    30 |    20 |    16 |     2 ||   143
       Fulminant Prism   |       |       |       |     6 |     2 |       |       |       |       ||     8
       Fireball          |       |       |       |     1 |       |       |       |       |       ||     1
       Petrify           |       |       |       |     1 |       |     2 |       |       |       ||     3
       Irradiate         |       |       |       |       |    42 |     2 |     1 |     8 |     4 ||    57
       Ozocubu's Refrige |       |       |       |       |     7 |   102 |   210 |   155 |    34 ||   508
       Lehudib's Crystal |       |       |       |       |       |    74 |   113 |   230 |    66 ||   483
       Shatter           |       |       |       |       |       |       |       |     6 |       ||     6
       Lee's Rapid Decon |       |       |       |       |       |       |       |       |     4 ||     4
 Abil: Evoke Invisibilit |       |       |       |       |       |       |       |     2 |       ||     2
Evoke: Wand              |       |       |       |     1 |       |       |       |       |       ||     1
       Condenser vane    |       |       |       |       |       |       |       |       |     1 ||     1
  Use: Scroll            |       |     2 |     1 |    10 |    15 |     6 |     4 |     7 |     4 ||    49
       Potion            |       |       |       |     2 |     1 |     6 |     4 |     5 |     4 ||    22
 Stab: Sleeping          |     1 |     2 |       |       |       |       |     2 |     1 |       ||     6
       Invisible         |       |       |       |       |       |       |       |     2 |       ||     2
Armor: Robe              |     5 |    21 |     4 |       |       |       |       |       |       ||    30
       Ring mail         |       |       |    86 |   216 |   131 |   343 |   312 |   415 |   139 ||  1642
       Leather armour    |       |       |       |    19 |       |       |       |       |       ||    19
       Fire dragon scale |       |       |       |       |   300 |       |       |       |       ||   300
Dodge: Dodged            |    15 |    39 |    84 |   169 |   203 |   279 |   222 |   234 |    83 ||  1328
Block: Kite shield       |       |       |       |   111 |    37 |     2 |   195 |   241 |    15 ||   601
       Tower shield      |       |       |       |       |   153 |    27 |       |    20 |       ||   200
       Reflection        |       |       |       |       |    59 |    10 |       |       |       ||    69
       Other             |       |       |       |       |       |    27 |    13 |       |       ||    40

Table legend: (Time is in decaauts)
 A = Elapsed time spent in this place.
 B = Non-inter-level travel time spent in this place.
 C = Inter-level travel time spent in this place.
 D = Time resting spent in this place.
 E = Time spent auto-exploring this place.
 F = Levels seen in this place.
 G = Mean time per level.
                   A        B        C        D        E       F      G
               +--------+--------+--------+--------+--------+-----+--------+
         Total |  49801 |  30104 |  19697 |   6120 |  10632 |  48 | 1037.5 |
       Dungeon |  14781 |   9133 |   5648 |   1090 |   5032 |  15 |  985.4 |
        Temple |    361 |    322 |     39 |      0 |    298 |   1 |  361.0 |
          Lair |   7222 |   3735 |   3487 |    846 |   1174 |   6 | 1203.7 |
        Shoals |   3665 |   2282 |   1383 |    114 |   1414 |   4 |  916.2 |
     Snake Pit |   3955 |   2055 |   1900 |    167 |    706 |   4 |  988.8 |
  Orcish Mines |   2499 |   2100 |    399 |   1023 |    577 |   2 | 1249.5 |
        Vaults |   7077 |   3257 |   3820 |    557 |    673 |   5 | 1415.4 |
        Depths |   4929 |   2523 |   2406 |    526 |    557 |   4 | 1232.2 |
           Zot |   1040 |    426 |    614 |    130 |      0 |   1 | 1040.0 |
         Sewer |    330 |    330 |      0 |      0 |     66 |   1 |  330.0 |
      Ice Cave |    103 |    103 |      0 |     11 |      6 |   1 |  103.0 |
       Volcano |   1668 |   1668 |      0 |   1071 |     85 |   1 | 1668.0 |
        Wizlab |    663 |    663 |      0 |    214 |      4 |   1 |  663.0 |
    Desolation |    600 |    600 |      0 |      0 |     39 |   1 |  600.0 |
      Gauntlet |    902 |    902 |      0 |    371 |      0 |   1 |  902.0 |
               +--------+--------+--------+--------+--------+-----+--------+

Top non-repeatable levels by time:
   Orc:1: 1812 daAuts
Vaults:5: 1746 daAuts
     D:4: 1669 daAuts
 Volcano: 1668 daAuts
Vaults:4: 1563 daAuts
    D:10: 1544 daAuts
  Lair:5: 1526 daAuts
    D:13: 1514 daAuts
  Lair:6: 1499 daAuts
 Snake:4: 1485 daAuts
Depths:4: 1484 daAuts
Depths:2: 1344 daAuts
     D:9: 1289 daAuts
Vaults:1: 1281 daAuts
    D:15: 1281 daAuts
